 Dungeon Crawl Stone Soup version 0.32-a0-128-g77eb882913 (webtiles) character file.

Game seed: 8784325203854266170

7545 zenocrate the Covert (level 11, -6/67 HPs)
             Began as a Kobold Delver on Feb 7, 2024.
             Was an Initiate of Gozag.
             Killed from afar by a rime drake (23 damage)
             ... with an icy flash freeze
             ... on level 1 of the Lair of Beasts.
             The game lasted 00:12:15 (9544 turns).

zenocrate the Covert (Kobold Delver)                Turns: 9544, Time: 00:12:16

Health: -6/67      AC:  8    Str: 13    XL:     11   Next: 39%
Magic:  11/11      EV: 23    Int: 12    God:    Gozag
Gold:   601        SH:  0    Dex: 21    Spells: 7/10 levels left

rFire   . . .        b - +6 rapier "Qugocaha" {freeze, Str+4 SInv}
rCold   . . .        (no shield)
rNeg    . . .        i - +0 leather armour
rPois   .            (no helmet)
rElec   .            t - scarf {+Inv}
rCorr   +            z - +0 pair of gloves
SInv    +            (no boots)
Will    .....        (no amulet)
Stlth   +++++++      h - ring of resist corrosion
HPRegen 0.31/turn    J - +4 ring of protection
MPRegen 0.12/turn

%: no passive effects
@: gold aura
A: small, no large weapons, nightstalker 3
a: Renounce Religion, Evoke Invisibility, Potion Petition, Call Merchant, Bribe
Branch


You were on level 1 of the Lair of Beasts.
You worshipped Gozag.
Gozag was pleased with you.
You visited 3 branches of the dungeon, and saw 11 of its levels.

You collected 1050 gold pieces.
You spent 374 gold pieces at shops.
You paid 75 gold pieces to Gozag.

Inventory:

Hand Weapons
 a - a +0 rapier
 b - the +6 rapier "Qugocaha" (weapon) {freeze, Str+4 SInv}
   (You found it on level 4 of the Dungeon)

   Str+4:     It affects your strength (+4).
   SInv:      It lets you see invisible.
Missiles
 o - 20 poisoned darts (quivered)
 p - 3 boomerangs
 H - a throwing net
 K - a curare-tipped dart
Armour
 i - a +0 leather armour (worn)
 t - a scarf of invisibility (worn)
 z - a +0 pair of gloves (worn)
Jewellery
 h - a ring of resist corrosion (left hand)
 E - a ring of fire
 J - a +4 ring of protection (right hand)
Wands
 g - a wand of digging (3)
 A - a wand of roots (4)
Scrolls
 c - 4 scrolls of fog
 d - 4 scrolls of revelation
 e - 2 scrolls of immolation {unknown}
 k - 5 scrolls of teleportation
 l - 2 scrolls of torment {unknown}
 n - a scroll of vulnerability {unknown}
 u - a scroll of blinking {unknown}
 w - 2 scrolls of summoning {unknown}
 y - a scroll of silence {unknown}
 D - a scroll of poison {unknown}
 I - a scroll of enchant weapon {unknown}
 M - a scroll of enchant armour {unknown}
 N - a scroll of acquirement {unknown}
Potions
 f - a potion of haste
 j - 2 potions of attraction
 m - a potion of invisibility
 q - 2 potions of heal wounds
 r - 3 potions of lignification
 s - 3 potions of might
 v - a potion of brilliance {unknown}
 B - a potion of ambrosia
 C - 2 potions of curing
 G - a potion of berserk rage


   Skills:
 + Level 7.5 Fighting
 + Level 11.4 Short Blades
 + Level 11.2 Dodging
 + Level 14.0 Stealth
 - Level 4.1 Evocations


You had 7 spell levels left.
You knew the following spells:

 Your Spells              Type           Power      Damage    Failure   Level
a - Confusing Touch       Hex            0%         N/A       77%         3

Your spell library contained the following spells:

 Spells                   Type           Power      Damage    Failure   Level
 Foxfire                  Conj/Fire      0%         2x1d4     38%         1
 Kiss of Death            Conj/Necr      0%         2d5       38%         1
 Brom's Barrelling Bould  Conj/Erth      0%         2d3       99%         4
 Dispel Undead            Necr           0%         3d6       99%         4
 Fireball                 Conj/Fire      0%         3d3       100%        5
 Iskenderun's Battlesphe  Conj           0%         2d6       100%        5
 Conjure Ball Lightning   Conj/Air       0%         3x3d6     100%        6
 Plasma Beam              Fire/Air       0%         2x1d10    100%        6
 Starburst                Conj/Fire      0%         6d3       100%        6
 Orb of Destruction       Conj           0%         9d5       100%        7


Dungeon Overview and Level Annotations

Branches:
Dungeon (9/15)             Temple (1/1) D:6            Lair (1/5) D:8
    Orc: D:9-12

Altars:
Ashenzari
Cheibriados
Dithmenos
Elyvilon
Fedhas
Gozag
Hepliaklqana
Kikubaaqudgha
Makhleb
Nemelex Xobeh
Okawaru
Qazlal
Ru
Sif Muna
Trog
Uskayaw
Vehumet
Wu Jian
Yredelemnul
Zin
The Shining One

Shops:
D:7 !*:(:

Portals:
Volcano: Lair:1


Innate Abilities, Weirdness & Mutations

You are small and have problems with some larger weapons.
You are completely attuned to the shadows.


Message History

Aiming: Fastroot
Press: ? - help, Shift-Dir - straight line, f - cane toad
Aim: a cane toad The roots erupt in riotous growth!
Roots grab the cane toad.
The grasping roots constrict the cane toad.
The blink frog blinks!
The cane toad struggles to escape constriction.
Unknown command.
Throw: 21 darts (poison)
Press: ? - help, Q - select action, (/) - cycle Shift-Dir - straight line, f/p - cane toad
Aim: a cane toad (lightly wounded, constricted by roots, 94% to hit)
You throw a poisoned dart. The poisoned dart hits the cane toad.
The cane toad is lightly wounded.
The grasping roots constrict the cane toad.
The roots release their grip on the cane toad.
The cane toad closely misses you.
Unknown command.
You puncture the cane toad! You freeze the cane toad.
The cane toad is severely wounded.
Unknown command.
You closely miss the cane toad.
The cane toad is severely wounded.
The cane toad stings you!
* * * LOW HITPOINT WARNING * * *
Unknown command.
Unknown command.
Okay, then.
Okay, then.
You puncture the cane toad! You freeze the cane toad.
The cane toad is almost dead.
The cane toad completely misses you.
Unknown command.
You puncture the cane toad! You freeze the cane toad.
You kill the cane toad!
The blink frog blinks!
The rime drake breathes ice at you. The icy flash freeze hits you!!
You die...
Your body crumbles into a pile of gold.

.....### ### ### ##....##
[....'.#######.####P###......#
.....#.................'....##
.....#####.#############....#
###### ##### ###'## ##
####.##### #.###
.####.#......## #...##
......§≈≈≈≈.§.####
###.###.#.##
≈≈...§§§..§≈≈§##@#
#..........##
.≈≈≈≈≈§.....§§##$#
#..........P#
......#.########§##
#..........## #########
####k.###..........##
#.###.#..+.............P#
..........###..........##
........##.#..........#
#...##...##..........#
##.#♣.....♣...########


You could see a rime drake (catching breath).

Vanquished Creatures
  A lindwurm (Lair:1)
  A black mamba (Lair:1)
  2 cane toads (Lair:1)
  2 unseen horror zombies (D:8)
  4 blink frogs (Lair:1)
  Sigmund (D:6)
  9 yaks
  2 acid dragons
  Duvessa (D:6)
  2 water moccasins
  A sky beast (D:7)
  2 ogres
  5 wolves (Lair:1)
  2 phantoms
  3 kobold brigands
  3 bullfrogs
  2 wyvern zombies (D:8)
  3 scorpions
  9 wights
  Dowan (D:6)
  4 killer bees (D:8)
  A howler monkey (D:8)
  A bombardier beetle (D:3)
  4 centaur zombies (D:8)
  2 jellies
  2 orc priests (D:4)
  A gnoll bouda (D:7)
  5 hounds
  3 sleepcaps
  4 orc wizards
  3 iguanas
  16 gnolls
  2 adders
  2 ufetubi (D:6)
  3 ribbon worms
  3 dart slugs
  21 orcs
  5 ball pythons
  4 bats
  11 endoplasms
  2 giant cockroaches
  6 goblins
  7 hobgoblins
  2 jackals (D:1)
  18 kobolds
  4 quokkas
  3 frilled lizards
  2 rats
197 creatures vanquished.

Notes
Turn   | Place    | Note
-------+----------+-------------------------------------------
     0 | D:5      | zenocrate the Kobold Delver began the quest for the Orb.
     0 | D:5      | Reached XP level 1. HP: 14/14 MP: 1/1
   182 | D:4      | Noticed an orc priest
   243 | D:4      | Noticed an ogre
   249 | D:4      | Killed an ogre
   250 | D:4      | Reached skill level 7 in Stealth
   250 | D:4      | Reached XP level 2. HP: 19/19 MP: 2/2
   250 | D:4      | Reached XP level 3. HP: 23/23 MP: 3/3
   250 | D:4      | Reached XP level 4. HP: 28/28 MP: 4/4
   281 | D:4      | Reached XP level 5. HP: 17/32 MP: 5/5
  1630 | D:2      | Reached XP level 6. HP: 37/37 MP: 6/6
  2179 | D:3      | Reached skill level 5 in Dodging
  2179 | D:3      | Reached skill level 8 in Stealth
  2263 | D:3      | Reached skill level 5 in Short Blades
  2951 | D:3      | Found an ancient bone altar of Kikubaaqudgha.
  3560 | D:4      | Identified the +6 rapier "Qugocaha" {freeze, Str+4 SInv}
  3575 | D:4      | Reached XP level 7. HP: 21/41 MP: 2/7
  3711 | D:4      | Found a snail-covered altar of Cheibriados.
  3733 | D:4      | Found a broken altar of Ashenzari.
  3916 | D:4      | Found an ornate altar of the Wu Jian Council.
  4384 | D:5      | Found a glowing silver altar of Zin.
  4433 | D:5      | Found a radiant altar of Vehumet.
  4644 | D:5      | Reached skill level 9 in Stealth
  4820 | D:5      | Reached XP level 8. HP: 46/46 MP: 8/8
  4990 | D:5      | Found a white marble altar of Elyvilon.
  5158 | D:6      | Noticed Sigmund
  5166 | D:6      | Killed Sigmund
  5167 | D:6      | Reached skill level 10 in Stealth
  5167 | D:6      | Reached skill level 1 in Evocations
  5214 | D:6      | Found a staircase to the Ecumenical Temple.
  5226 | Temple   | Entered the Ecumenical Temple
  5296 | Temple   | Became a worshipper of Gozag Ym Sagoz the Greedy
  5504 | D:6      | Reached XP level 9. HP: 41/51 MP: 9/9
  5512 | D:6      | Noticed Duvessa
  5515 | D:6      | Noticed Dowan
  5586 | D:6      | Killed Duvessa
  5601 | D:6      | Killed Dowan
  5988 | D:6      | Reached skill level 11 in Stealth
  6581 | D:7      | HP: 2/51 [yak (15)]
  6736 | D:7      | Found Ceryfakh's Book Emporium.
  6801 | D:7      | Learned a level 3 spell: Confusing Touch
  6878 | D:7      | Found Ezew's Distillery.
  6883 | D:7      | Bought a potion of might for 56 gold pieces
  6883 | D:7      | Bought a potion of curing for 42 gold pieces
  6883 | D:7      | Bought a potion of heal wounds for 70 gold pieces
  6883 | D:7      | Bought a potion of mutation for 112 gold pieces
  6883 | D:7      | Bought a potion of berserk rage for 70 gold pieces
  6919 | D:7      | Found Epovufiohi's Assorted Antiques.
  6924 | D:7      | Bought a scroll labelled HETETU WURA for 24 gold pieces
  6953 | D:7      | Found a shimmering blue altar of Sif Muna.
  7089 | D:7      | Reached XP level 10. HP: 58/58 MP: 10/10
  7210 | D:7      | Found Feenoyk's Book Shop.
  7255 | D:7      | Found Daocowk's Antique Weapon Shop.
  7292 | D:7      | Reached skill level 12 in Stealth
  7664 | D:8      | Reached skill level 5 in Fighting
  7829 | D:8      | Found a stormy altar of Qazlal.
  7843 | D:8      | Found a blossoming altar of Fedhas.
  7965 | D:8      | Found a staircase to the Lair.
  8537 | D:8      | Found a basalt altar of Yredelemnul.
  8551 | D:8      | Reached skill level 10 in Short Blades
  8551 | D:8      | Reached skill level 10 in Dodging
  8822 | D:8      | Found a sacrificial altar of Ru.
  8912 | Lair:1   | Entered Level 1 of the Lair of Beasts
  9052 | Lair:1   | Noticed a cane toad
  9079 | Lair:1   | Reached skill level 13 in Stealth
  9079 | Lair:1   | Killed a cane toad
  9104 | Lair:1   | Reached XP level 11. HP: 18/66 MP: 11/11
  9335 | Lair:1   | Found a dark tunnel.
  9335 | Lair:1   | Noticed a lindwurm
  9339 | Lair:1   | Killed a lindwurm
  9514 | Lair:1   | Reached skill level 14 in Stealth
  9544 | Lair:1   | Killed from afar by a rime drake

Illustrated notes

Levels and vault maps discovered:
D:1:      matt_arrival_grand_opening, layout_basic
D:2:      layout_rooms
D:3:      layout_basic, lemuel_doored_altar, dk_noncrumbling_3,
          chequers_serial_rivers_large_a, minmay_three_crescents
D:4:      layout_loops_corners, nicolae_overflow_crystal_walls,
          mainiacjoe_overflow_large_starburst
D:5:      layout_loops_ring, nicolae_elyvilon_temple_path, lemuel_tele_altar,
          lemuel_round_altar
D:6:      nicolae_cairo_tiling_large_dashed, layout_gridville, temple_green,
          hex_large, uniq_sigmund, uniq_duvessa
D:7:      layout_basic, nicolae_overflow_hidden_temple, serial_shops,
          nicolae_stop_n_shop_1, shop, nicolae_shop_real_fake_doors,
          nicolae_shop_tiny_statue_garden, nicolae_stop_n_shop_2,
          chequers_serial_rivers_micro_b, hangedman_decor_lopped
D:8:      layout_loops_ring, grunt_temple_overflow_forces_of_nature,
          nicolae_yredelemnul_corpse_copse,
          mainiacjoe_overflow_concentric_impassable, lair_entry_dummy,
          grunt_decor_junction
D:9:      layout_basic, kennysheep_mini_moat, gammafunk_ghost_wrathful_warriors,
          minmay_lizard_king, uniq_harold
Temple:   nicolae_temple_figure_zero
Lair:1:   layout_roguey, nicolae_volcano_entry_vermiform,
          grunt_forest_large_clearings

Skill      XL: |  1  2  3  4  5  6  7  8  9 10 11 |
---------------+----------------------------------+-----
Short Blades   | 4 5 6 7 9 10 11 | 11.4
Dodging        | 3 4 5 7 9 10 11 | 11.2
Stealth        | 7 8 9 10 11 13 14 | 14.0
Evocations     | 2 4 |  4.1
Fighting       | 4 6 7 |  7.5

Action                     |  1- 3 |  4- 6 |  7- 9 | 10-12 || total
---------------------------+-------+-------+-------+-------++-------
  Melee: Short sword       |     7 |   285 |       |       ||   292
         Punch             |     1 |    14 |     6 |    16 ||    37
         Rapier            |       |     4 |   174 |   262 ||   440
  Throw: Dart              |       |     2 |       |     6 ||     8
  Evoke: Wand              |       |       |     2 |     3 ||     5
    Use: Scroll            |       |     4 |     6 |     3 ||    13
         Potion            |       |       |     3 |     1 ||     4
   Stab: Sleeping          |     1 |    24 |    19 |    18 ||    62
         Distracted        |       |     1 |     2 |     4 ||     7
         Invisible         |       |       |     2 |       ||     2
 Armour: Leather armour    |     1 |   116 |    53 |    69 ||   239
  Dodge: Dodged            |     3 |   212 |   115 |   201 ||   531

Table legend: (Time is in decaauts)
 A = Elapsed time spent in this place.
 B = Non-inter-level travel time spent in this place.
 C = Inter-level travel time spent in this place.
 D = Time resting spent in this place.
 E = Time spent auto-exploring this place.
 F = Levels seen in this place.
 G = Mean time per level.
                   A        B        C        D        E       F      G
               +--------+--------+--------+--------+--------+-----+--------+
         Total |   9385 |   8841 |    544 |     85 |   7274 |  11 |  853.2 |
       Dungeon |   8798 |   8284 |    514 |     85 |   6876 |   9 |  977.6 |
        Temple |     86 |     62 |     24 |      0 |     56 |   1 |   86.0 |
          Lair |    500 |    494 |      6 |      0 |    342 |   1 |  500.0 |
               +--------+--------+--------+--------+--------+-----+--------+

Top non-repeatable levels by time:
     D:3: 1420 daAuts
     D:8: 1313 daAuts
     D:6: 1266 daAuts
     D:4: 1240 daAuts
     D:7: 1116 daAuts
     D:5: 997 daAuts
     D:1: 827 daAuts
     D:2: 613 daAuts
  Lair:1: 500 daAuts
  Temple: 86 daAuts
     D:9: 1 daAuts
